 Dungeon Crawl Stone Soup version 0.17-a0-1923-gc35365e (webtiles) character file.

21 flametal213 the Unweaver (level 2, -3/24 HPs)
             Began as a Demonspawn Abyssal Knight on Sept 28, 2015.
             Was a Follower of Lugonu.
             Slain by Natasha (5 damage)
             ... on level 2 of the Dungeon.
             The game lasted 00:11:53 (1398 turns).

flametal213 the Unweaver (DsAK)                     Turns: 1398, Time: 00:11:54

Health: -3/24      AC:  4    Str: 12    XL:     2   Next: 62%
Magic:  4/4        EV: 11    Int: 13    God:    Lugonu [*.....]
Gold:   40         SH:  0    Dex: 12    Spells: 0 memorised, 1 level left

rFire  . . .     SeeInvis .     a - +1 falchion
rCold  . . .     Clarity  .     h - +0 leather armour (curse)
rNeg   . . .     SustAt   .     (no shield)
rPois  .         Gourm    .     (no helmet)
rElec  .         Spirit   .     (no cloak)
rCorr  .         Warding  .     g - +0 pair of gloves
rMut   .         Stasis   .     (no boots)
MR     .....                    (no amulet)
Stlth  +.........               (no ring)
                                (no ring)

@: slowed, very slow, not resistant to hostile enchantments, very unstealthy
A: demonic guardian 1
a: Depart the Abyss, Renounce Religion


You were on level 2 of the Dungeon.
You worshipped Lugonu.
Lugonu was aware of your devotion.
You were not hungry.

You visited 1 branch of the dungeon, and saw 2 of its levels.
You visited the Abyss 1 time.

You collected 40 gold pieces.

Inventory:

Hand weapons
 a - a +1 falchion (weapon)
 c - a +0 dagger
 e - a +0 dagger
 k - a cursed +0 short sword
 m - a +4 dagger
Missiles
 d - 42 arrows
 n - 68 stones (quivered)
Armour
 b - a +0 leather armour
 g - a +0 pair of gloves (worn)
 h - a cursed +0 leather armour (worn)
 p - a +0 shield
Scrolls
 j - 4 scrolls of blinking {unknown}
 l - 3 scrolls of identify {unknown}
Potions
 s - a potion of agility {unknown}
Comestibles
 f - a slice of pizza
 i - 2 chunks of flesh
 o - a meat ration
 q - a bread ration
 r - a beef jerky


   Skills:
 - Level 3.0 Fighting
 + Level 2.4 Long Blades
 - Level 1.7 Armour
 - Level 0.8 Dodging
 + Level 3.4 Invocations


You had one spell level left.
You didn't know any spells.

Dungeon Overview and Level Annotations

Branches:
Dungeon (2/15)

Altars:

Annotations:
D:2 Natasha


Innate Abilities, Weirdness & Mutations

A weak demonic guardian rushes to your aid.


Message History

Something barely misses your crimson imp.
There is a stone staircase leading up here.
Something claws your crimson imp but does no damage.
Your crimson imp disappears in a puff of smoke!
The shadow imp disappears in a puff of smoke!
Natasha casts a spell.
There are monsters nearby!
You swap places.
Natasha stares at you and mumbles some strange words.
You feel yourself slow down.
You completely miss Natasha.
Natasha is moderately wounded.
Natasha barely misses you. The shadow imp barely misses you. Natasha claws you.
* * * LOW HITPOINT WARNING * * *
You barely miss Natasha.
Natasha is moderately wounded.
The shadow imp hits you.
* * * LOW HITPOINT WARNING * * *
Natasha claws you.
You die...

##.# #.#.# #.# #.#.#
#.# #.#.# #.# #.#.#
.########.########.#.#
...................#.#
######..#.##.###. #.#
#..#.# # #. #.# #5@#.#
#. #.# #5h#.# ###. #.#
####..#.# ... #.#
#.....#.# #.###.#
#.##.##.# #.....# #
#....# #..#### #.####
#..# #<#########..#
#.##............#


You could see Natasha, a shadow imp and a friendly iron imp.

Vanquished Creatures
  2 giant geckos
  A giant cockroach (D:1)
  4 goblins
  2 hobgoblins
  A kobold (D:2)
  A bat (D:1)
  A giant newt (D:2)
  3 jackals (D:2)
  3 rats (D:1)
18 creatures vanquished.

Notes
Turn   | Place    | Note
--------------------------------------------------------------
     0 | Abyss:1  | flametal213 the Demonspawn Abyssal Knight began the quest for the Orb.
     0 | Abyss:1  | Reached XP level 1. HP: 18/18 MP: 2/2
    43 | D:1      | Escaped the Abyss
   112 | D:1      | Acquired Lugonu's first power
   441 | D:1      | Gained mutation: A weak demonic guardian rushes to your aid. [demonic ancestry]
   441 | D:1      | Reached XP level 2. HP: 24/24 MP: 4/4
  1201 | D:2      | HP: 1/24 [hobgoblin (5)]
  1368 | D:2      | Noticed Natasha
  1398 | D:2      | Slain by Natasha

Vault maps used:
D:1:      scummos_arrival_checkerplants, serial_park_tiny_1, minivault_14,
          roderic_roman_lattice, corexii_leaking_fountain
D:2:      first_bread, uniq_natasha, uniq_sigmund

Action                   || total
-------------------------++-------
Melee: Falchion          ||    62
Invok: Depart the Abyss  ||     1
  Use: Potion            ||     1
  Eat: Bread ration      ||     1
       Chunk             ||     1
